AoeStats
← mikrethor

African Clearing

510835987Analyzed
2v2 RM · 17h ago on Oct 2, 2026· 51m 17s· 4 players
Game mode
Random Map
Map size
Medium (4 player)
Population
200
Speed
Normal
Resources
Standard
Victory
Conquest
Starting age
Dark Age
Ending age
Imperial Age
RankedLock teamsTeams togetherTeam positionsShared explorationLock speedFull tech treeHidden civsTurbo modeCheats
Victory
Defeat
🇩🇪 Varangians · Germany
1048
+14
🇩🇪 Tatars · Germany
1046
+14
🇨🇦 Malay · Canada
1014
-14
🇨🇱 Celts · Chile
1010
-14
mikrethor
12:45 Feudal Age
11:02 Loom
12:27 Double-Bit Axe
12:41 Horse Collar
14:00 Wheelbarrow
16:20 Fishing Lines
17:13 Forging
18:09 Scale Barding Armor
26:18 Castle Age
24:11 Stone Mining
24:11 Gold Mining
25:15 Pikeman
27:01 Gold Shaft Mining
27:01 Stone Shaft Mining
28:36 Bow Saw
29:37 Gillnets
30:22 Husbandry
31:57 Heavy Plow
32:24 Fletching
35:40 Squires
38:50 Bodkin Arrow
39:48 Murder Holes
40:14 Ballistics
42:17 Iron Casting
44:00 Masonry
44:48 Hand Cart
47:06 Imperial Age
47:30 Bracer
48:31 Blast Furnace
48:42 Crop Rotation
49:06 Hand Cart
49:49 Capped Ram
VonPiatre
4:55 Loom
15:35 Feudal Age
23:38 Castle Age
26:29 Double-Bit Axe
26:29 Horse Collar
31:10 Wheelbarrow
31:16 Pikeman
34:29 Hand Cart
34:00 Town Watch
36:08 Scale Mail Armor
36:19 Forging
41:51 Imperial Age
39:33 Town Patrol
40:13 Iron Casting
41:03 Chain Mail Armor
42:59 Conscription
45:11 Blast Furnace
45:02 Plate Mail Armor
47:23 Elite Woad Raider
49:56 Fortified Wall
50:07 Ballistics
Nordgefälle
11:30 Loom
13:39 Feudal Age
18:54 Castle Age
17:27 Double-Bit Axe
18:57 Horse Collar
24:39 Bow Saw
28:33 Wheelbarrow
28:44 Scale Barding Armor
31:09 Squires
30:55 Gambesons
31:33 Chain Barding Armor
40:34 Imperial Age
40:37 Ballistics
40:53 Forging
40:43 Scale Mail Armor
42:01 Gothikon
43:01 Conscription
44:02 Elite Jarl
45:44 Elite Varangian Guard
47:05 Heated Shot
48:16 Chemistry
47:54 Husbandry
48:05 Bloodlines
48:50 Pikeman
50:12 Light Cavalry
Südgefälle
9:26 Loom
16:58 Feudal Age
23:52 Castle Age
22:19 Padded Archer Armor
23:10 Fletching
23:44 Horse Collar
24:25 Pikeman
28:39 Bodkin Arrow
32:34 Leather Archer Armor
34:35 Double-Bit Axe
38:17 Ballistics
38:03 Scale Mail Armor
38:13 Forging
38:19 Squires
40:12 Iron Casting
42:14 Wheelbarrow
47:25 Silk Armor
50:42 Imperial Age
Connection lost

Rejoining the realm…

Still unreachable

The connection could not be restored.

Session expired

The server has moved on; the page needs a fresh start.